Map: Ruins of Endion

Players

FrisK

  • Race: Protoss Protoss
  • League: Master

Pokebunny - Winner!

  • Race: Terran Terran
  • League: Grandmaster

VOD

Have the link to the VOD?

Description

Time

  • Played on: April 4, 2016, 2:45 p.m.
  • Length: 7:18
Show
View Real Time Build Order
Export as new Build Order

FrisK Protoss 

Build Orders: 1 Gate Expand, Oracle Opening 

Get SALT Encoding   

  12  0:01  Probe (Chrono Boost)  
  13  0:11  Probe (Chrono Boost)  
  14  0:19  Pylon  
  14  0:22  Probe (Chrono Boost)  
  15  0:37  Probe (Chrono Boost)  
  15  0:39  Gateway  
  16  0:48  Probe (Chrono Boost)  
  16  0:49  Assimilator  
  17  0:59  Probe (Chrono Boost)  
  18  1:09  Probe (Chrono Boost)  
  19  1:20  Nexus  
  19  1:31  Cybernetics Core  
  19  1:33  Probe (Chrono Boost)  
  19  1:39  Assimilator  
  20  1:44  Probe (Chrono Boost)  
  21  1:50  Pylon  
  21  1:54  Probe (Chrono Boost)  
  22  2:05  Probe (Chrono Boost)  
  23  2:08  Adept (Chrono Boost)  
  23  2:10  Warp Gate  
  24  2:16  Probe  
  25  2:28  Probe  
  26  2:32  Adept (Chrono Boost), Probe  
  29  2:40  Probe  
  29  2:42  Stargate  
  29  2:43  Probe  
  31  2:53  Probe  
  31  2:56  Adept (Chrono Boost)  
  34  3:05  Probe  
  36  3:06  Mothership Core (Chrono Boost)  
  37  3:17  Probe (Chrono Boost)  
  38  3:25  Probe (Chrono Boost)  
  39  3:28  Pylon, Probe (Chrono Boost)  
  39  3:30  Oracle (Chrono Boost)  
  43  3:35  Probe  
  43  3:40  Probe  
  45  3:44  Robotics Facility  
  45  3:46  Probe (Chrono Boost)  
  46  3:52  Probe (Chrono Boost)  
  47  3:58  Probe (Chrono Boost)  
  47  3:59  Nexus  
  48  4:04  Probe (Chrono Boost)  
  48  4:07  Pylon  
  48  4:08  Probe (Chrono Boost)  
  49  4:14  Probe (Chrono Boost)  
  48  4:19  Probe (Chrono Boost)  
  48  4:23  Adept  
  48  4:25  Probe (Chrono Boost)  
  48  4:30  Probe (Chrono Boost)  
  50  4:35  Probe (Chrono Boost)  
  51  4:40  Probe (Chrono Boost)  
  52  4:46  Probe (Chrono Boost)  
  52  4:47  Forge  
  52  4:49  Observer (Chrono Boost), Twilight Council  
  52  4:50  Probe (Chrono Boost)  
  55  4:53  Pylon  
  55  4:56  Probe  
  55  4:59  Probe  
  57  5:08  Probe  
  57  5:09  Observer (Chrono Boost)  
  57  5:10  Probe  
  57  5:13  Probe  
  57  5:14  Assimilator, Pylon  
  60  5:15  Assimilator  
  60  5:20  Probe  
  60  5:21  Probe  
  62  5:24  Probe  
  62  5:28  Gateway x2  
  64  5:32  Probe  
  64  5:35  Probe  
  66  5:36  Probe  
  67  5:44  Sentry  
  67  5:45  Probe  
  67  5:46  Pylon  
  70  5:55  Gateway x2  
  70  5:58  Pylon  
  68  6:07  Adept  
  66  6:22  Probe x2  
  66  6:24  Probe  
  63  6:30  Observer  
  63  6:32  Pylon, Gateway x2  
  64  6:34  Probe, Gateway  
  64  6:35  Adept x3, Probe  
  72  6:45  Pylon  
  72  6:47  Pylon  
  70  6:54  Pylon  
  70  6:56  Adept x4  
  70  6:57  Adept  
  70  7:00  Probe  
  80  7:04  Probe  
  55  7:14  Pylon  
Show
View Real Time Build Order
Export as new Build Order

Pokebunny Terran - Winner!

Build Orders: 1/1/1 

Get SALT Encoding   

  12  0:00  SCV  
  13  0:12  SCV  
  14  0:18  Supply Depot  
  14  0:25  SCV  
  15  0:30  Refinery  
  15  0:39  SCV  
  16  0:46  Barracks  
  16  0:51  SCV  
  17  1:04  SCV  
  18  1:16  SCV  
  19  1:33  Marine, Orbital Command, Factory  
  20  1:41  Supply Depot  
  20  1:51  Marine  
  21  1:59  SCV  
  22  2:09  Command Center  
  22  2:19  Starport  
  22  2:20  Marine  
  22  2:22  SCV  
  24  2:29  Hellion  
  26  2:34  Supply Depot  
  26  2:36  SCV  
  27  2:39  Marine  
  28  2:45  Refinery  
  28  2:49  Widow Mine  
  30  2:53  SCV  
  31  3:05  Marine, SCV  
  32  3:06  Medivac  
  35  3:18  SCV  
  36  3:20  Orbital Command  
  36  3:28  Barracks Reactor  
  36  3:30  Barracks  
  36  3:40  Barracks, Factory Reactor  
  36  3:45  SCV  
  36  3:47  SCV  
  38  3:48  Starport Reactor  
  38  3:51  Supply Depot  
  38  3:57  SCV  
  38  3:59  SCV  
  40  4:11  Marine x2  
  40  4:13  Engineering Bay  
  39  4:21  Barracks Tech Lab  
  39  4:26  SCV x2  
  39  4:29  Marine  
  39  4:30  Marine  
  43  4:40  SCV x2  
  43  4:41  Marine x3  
  43  4:45  Stimpack  
  48  4:47  Marine x2  
  48  4:48  Medivac x2  
  48  4:51  Missile Turret  
  54  4:53  Missile Turret  
  54  4:55  Terran Infantry Weapons Level 1  
  54  5:11  SCV x2  
  54  5:12  Marine x4  
  54  5:13  Marauder  
  61  5:18  Supply Depot  
  61  5:19  Supply Depot  
  61  5:20  Refinery  
  61  5:26  SCV  
  62  5:34  SCV  
  62  5:35  Supply Depot  
  61  5:36  Marine  
  61  5:39  Marine x3, Marauder  
  61  5:41  Supply Depot  
  61  5:42  SCV  
  68  5:46  SCV  
  68  5:48  Medivac x2  
  73  5:54  SCV  
  74  5:59  SCV  
  75  6:05  Marine x4, Marauder  
  75  6:08  SCV  
  75  6:11  SCV  
  81  6:24  Marine  
  81  6:25  Marine x2  
  81  6:27  Marauder  
  81  6:32  SCV x2  
  85  6:36  Refinery, Marine  
  85  6:37  Command Center  
  86  6:47  Barracks  
  86  6:48  Barracks, Supply Depot  
Tags
 
Add a new tag
Caveats
  • Supply blocks, unpowered buildings, or Contaminate may cause inaccurate times.
  • Supply counts are checked every 10 seconds.